 Dungeon Crawl Stone Soup version 0.17-a0-1582-ge6b0260 (console) character file.

41257 Illaniel the Carver (level 13, -2/88 HPs)
             Began as a High Elf Skald on July 27, 2015.
             Was the Champion of Okawaru.
             Slain by a death yak (24 damage)
             ... on level 7 of the Lair of Beasts.
             The game lasted 02:09:25 (20402 turns).

Illaniel the Carver (High Elf Skald)               Turns: 20402, Time: 02:09:25

Health: -2/88      AC: 10    Str: 17    XL:     13   Next: 79%
Magic:  26/27      EV: 21    Int: 16    God:    Okawaru [******]
Gold:   698        SH:  0    Dex: 17    Spells: 6 memorised, 14 levels left

rFire  . . .     SeeInvis .     a - +1 demon blade {slice, -Tele +Fly rC+}
rCold  + + .     Clarity  .     z - +2 robe {rC+}
rNeg   . . .     SustAt   .     (no shield)
rPois  +         Gourm    .     K - +1 hat
rElec  .         Spirit   .     y - +1 cloak
rCorr  .         Warding  .     o - +0 pair of gloves
rMut   .         NoTele   +     t - +0 pair of boots
MR     +....                    (no amulet)
Stlth  ++++......               Z - ring of poison resistance
                                R - +2 ring of strength

@: singing, somewhat resistant to hostile enchantments, stealthy
A: no striking features
a: Heroism, Finesse, Renounce Religion, Stop Singing, Evoke Flight


You were on level 7 of the Lair of Beasts.
You worshipped Okawaru.
Okawaru was exalted by your worship.
You were hungry.

You visited 3 branches of the dungeon, and saw 18 of its levels.

You collected 896 gold pieces.
You spent 198 gold pieces at shops.

Inventory:

Hand weapons
 a - the +1 demon blade "Xeviumec" (weapon) {slice, -Tele +Fly rC+}
   (Okawaru gifted it to you on level 3 of the Lair of Beasts)

   It inflicts extra damage upon your enemies.
   It protects you from cold.
   It lets you fly.
   It prevents most forms of teleportation.
 c - a +1 great sword of freezing
 f - a +1 scimitar of flaming
 h - a +1 long sword of holy wrath
 v - a +0 blowgun
 L - a +0 blowgun
 M - a +3 long sword
Missiles
 F - 142 poisoned needles
 G - 16 curare-tipped needles
Armour
 o - a +0 pair of gloves (worn)
 t - a +0 pair of boots (worn)
 y - a +1 cloak (worn)
 z - a +2 robe of cold resistance (worn)
 I - a +1 leather armour of magic resistance
 K - a +1 hat (worn)
Rods
 l - a +1 iron rod (13/13)
   (You found it on level 1 of the Lair of Beasts)
Jewellery
 R - a +2 ring of strength (left hand)
 Z - a ring of poison resistance (right hand)
Magical devices
 e - a wand of paralysis (0)
 g - a wand of fireball (5)
 j - a wand of draining (9)
 m - a wand of magic darts (17)
 H - a wand of fire (5)
 O - a wand of paralysis (5)
 X - a wand of slowing (20)
Scrolls
 b - a scroll of acquirement {unknown}
 p - 7 scrolls of remove curse
 B - a scroll of fog
 C - 2 scrolls of blinking
 E - a scroll of magic mapping
 J - a scroll of silence {unknown}
 P - 2 scrolls of teleportation
 S - 3 scrolls of noise {unknown}
 Y - a scroll of immolation {unknown}
Potions
 d - a potion of lignification
 i - 3 potions of ambrosia
 k - 3 potions of heal wounds
 n - 4 potions of haste
 r - 2 potions of brilliance
 s - a potion of mutation
 u - a potion of agility
 w - 2 potions of might
 x - a potion of invisibility
 A - 2 potions of magic
 D - 6 potions of curing
 Q - a potion of berserk rage
Books
 W - a book of Maledictions

   Spells                             Type                      Level
   a - Corona                         Hexes                        1
   b - Ensorcelled Hibernation        Hexes/Ice                    2
   c - Confuse                        Hexes                        3
   d - Tukima's Dance                 Hexes                        3
   e - Dazzling Spray                 Conjuration/Hexes            3
Comestibles
 q - a slice of pizza
 N - 12 fruits
 T - a meat ration
 U - 2 bread rations


   Skills:
 + Level 7.7 Fighting
 * Level 12.4 Long Blades
 + Level 6.7 Armour
 * Level 11.6 Dodging
 + Level 7.3 Stealth
 + Level 9.3 Spellcasting
 + Level 4.0 Hexes
 - Level 9.0 Charms
 - Level 3.4 Translocations
 + Level 6.8 Invocations
 + Level 6.9 Evocations


You had 14 spell levels left.
You knew the following spells:

 Your Spells              Type           Power        Failure   Level  Hunger
b - Song of Slaying       Chrm           #####...     1%          2    None
c - Spectral Weapon       Hex/Chrm       ####....     1%          3    #......
d - Tukima's Dance        Hex            ###.....     8%          3    #......
h - Shroud of Golubria    Chrm/Tloc      ####......   1%          2    None
i - Confuse               Hex            ###.....     8%          3    #......
r - Regeneration          Chrm/Necr      ###.......   6%          3    #......


Dungeon Overview and Level Annotations

Branches:
Dungeon (10/15)            Temple (1/1) D:6            Lair (7/8) D:10
 Shoals (0/4) Lair:6        Snake (0/4) Lair:5        Slime (0/6) Lair:7
    Orc: D:9-12

Altars:
Ashenzari
Cheibriados
Dithmenos
Elyvilon
Fedhas
Gozag
Kikubaaqudgha
Makhleb
Nemelex Xobeh
Okawaru
Qazlal
Ru
Sif Muna
Trog
Vehumet
Xom
Yredelemnul
Zin
The Shining One

Shops:
D:3 *   D:5 (!   D:7 !

Annotations:
D:8 Erolcha


Message History

The death yak misses you. The death yak gores you!
You barely miss the death yak.
The death yak is moderately wounded.
Your spectral weapon hits the death yak!
The death yak gores you!! x2
The death yak gores your spectral weapon but does no damage.
There is a stone staircase leading up here.
There is an escape hatch in the floor here.
The death yak gores your spectral weapon!
Your spectral weapon shares its damage with you!
* * * LOW HITPOINT WARNING * * *
Read which item? (? for menu, Esc to quit)
You cannot teleport because you are wielding the +1 demon blade "Xeviumec" {slice, -Tele +Fly rC+}.
You swap places.
The death yak gores you.
* * * LOW HITPOINT WARNING * * *
You hit the death yak.
The death yak is lightly wounded.
Your spectral weapon hits the death yak!
The death yak gores you!!
You die...

▒▒ ▒∙ ▒▒▒▒ ▒▒▒∙▒▒∙∙ ▒
▒▒∙∙▒▒▒▒▒ ▒▒▒∙∙∙∙∙∙∙
▒∙▒)∙∙▒∙▒∙▒▒▒∙∙∙∙∙∙∙∙∙
▒∙∙<∙∙∙∙<∙∙∙∙∙∙∙∙∙∙∙∙
▒∙∙∙∙∙∙∙∙∙YY∙∙∙∙∙∙∙∙∙
▒∙∙∙∙∙∙∙[▒▒▒∙∙∙∙▒▒∙∙∙
■∙∙∙%[∙∙∙▒▒∙∙∙∙∙▒▒∙∙∙
▒▒▒∙∙∙∙∙∙∙∙▒▒▒∙∙∙▒▒∙∙∙∙
▒∙∙∙∙∙∙∙∙∙∙∙∙∙∙∙∙∙∙∙∙∙∙
▒▒∙∙∙∙(∙∙∙Y∙∙∙∙>∙∙∙∙∙∙∙
▒∙▒∙∙∙YY∙∙∙$∙∙∙∙∙∙∙∙∙∙∙
▒ ▒▒∙∙@▒■∙∙∙▒▒∙∙∙▒▒▒∙∙∙
▒∙∙∙∙∙∙∙∙▒▒▒∙∙∙▒▒∙∙∙P
▒▒▒▒∙∙∙∙∙∙▒∙∙∙∙▒∙∙∙∙▒


∙∙∙H∙∙∙∙∙$∙∙∙∙∙∙∙P ∙∙∙∙∙∙∙∙∙∙∙∙∙∙∙∙∙∙P ∙∙∙∙∙∙∙∙∙∙▒▒∙∙∙∙∙∙∙∙
▒∙∙∙∙∙∙∙∙∙∙▒▒P∙∙∙∙∙∙∙ ▒∙∙∙∙∙∙∙∙∙P▒▒∙∙∙∙∙∙∙∙ ∙∙∙∙∙∙∙∙∙∙▒▒∙∙∙<∙∙∙∙∙ ∙∙∙▒▒∙∙∙∙∙%∙∙
∙∙P∙∙∙$!∙∙∙∙∙ ∙∙∙∙∙∙∙(∙∙∙∙∙ ∙∙∙∙∙∙∙∙∙∙∙∙∙ ∙∙∙∙∙∙∙∙∙∙∙∙∙ ∙∙P∙▒▒∙∙∙∙∙∙∙ ∙∙∙▒
∙∙∙∙∙∙∙∙ ▒∙∙ ▒▒▒▒∙▒▒∙∙ You could see 3 death yaks and a hippogriff.

Vanquished Creatures
  Gastronok (Lair:2)
  3 hydras
  Harold (D:10)
  Erica (D:8)
  4 death yaks
  Sonja (D:10)
  A griffon (Lair:5)
  3 hill giants (D:10)
  5 black mambas
  22 elephants
  8 spiny frogs
  A torpor snail (Lair:5)
  5 komodo dragons
  A fire drake (Lair:4)
  2 polar bears
  14 blink frogs
  Prince Ribbit (Lair:2)
  A two-headed ogre (D:9)
  2 slime creatures (Lair:7)
  2 spriggans (Lair:2)
  2 deep elf magi (D:9)
  31 yaks
  A naga (Lair:5)
  11 wolves
  6 hippogriffs
  Menkaure (D:5)
  8 water moccasins
  An orc warrior (D:9)
  7 porcupines
  A phantom (D:9)
  A black bear (Lair:2)
  An ice beast (D:6)
  5 necrophages
  2 centaurs (D:8)
  6 crocodiles
  2 ogres
  4 big kobolds
  11 giant frogs
  13 wights
  3 scorpions
  2 giant frog zombies
  4 hounds
  2 centaur zombies
  A crimson imp (D:5)
  6 jellies
  8 orc wizards
  A centaur skeleton (D:7)
  Crazy Yiuf (D:4)
  7 orc priests
  A giant frog skeleton (D:9)
  8 iguanas
  4 worker ants
  16 sheep
  2 hound zombies
  A hound skeleton (D:10)
  9 gnolls
  3 worker ant zombies
  7 river rats (Lair:2)
  11 adders
  2 shadow imps
  An ooze (D:3)
  An adder zombie (D:5)
  7 worms
  7 giant geckos
  39 orcs
  A ball python (D:4)
  A bat skeleton (D:4)
  2 giant cockroaches
  2 gnoll zombies (D:3)
  13 hobgoblins
  15 jackals
  33 kobolds
  5 quokkas
  22 bats
  5 giant newts
  15 goblins
  22 rats
  A bush (D:9)
  A fungus (D:4)
  2 plants
487 creatures vanquished.

Vanquished Creatures (others)
  15 fungi
  8 plants
  15 spectral weapons
38 creatures vanquished.

Grand Total: 525 creatures vanquished

Notes
Turn   | Place    | Note
--------------------------------------------------------------
     0 | D:1      | Illaniel the High Elf Skald began the quest for the Orb.
     0 | D:1      | Reached XP level 1. HP: 14/14 MP: 4/4
   255 | D:1      | Reached skill level 1 in Armour
   284 | D:1      | Reached XP level 2. HP: 8/19 MP: 1/6
   522 | D:1      | Learned a level 2 spell: Shroud of Golubria
   905 | D:1      | Reached XP level 3. HP: 20/24 MP: 1/8
   910 | D:1      | Learned a level 3 spell: Spectral Weapon
  1549 | D:2      | Reached XP level 4. HP: 20/30 MP: 0/9
  1557 | D:2      | Learned a level 3 spell: Regeneration
  1726 | D:2      | Found a radiant altar of Vehumet.
  2584 | D:3      | Found Zin's Purification Station.
  2587 | D:3      | Found a glowing silver altar of Zin.
  2679 | D:3      | Found a basalt altar of Yredelemnul.
  2775 | D:3      | Found a shattered altar of Ashenzari.
  2795 | D:3      | Reached XP level 5. HP: 26/35 MP: 1/10
  3004 | D:4      | Found an opulent altar of Gozag.
  3500 | D:5      | Entered Level 5 of the Dungeon
  3545 | D:5      | Found Atousmo's Distillery.
  3575 | D:5      | Bought a potion of agility for 48 gold pieces
  3575 | D:5      | Bought a potion of curing for 36 gold pieces
  3575 | D:5      | Bought a potion of might for 48 gold pieces
  3686 | D:4      | Reached skill level 4 in Charms
  3778 | D:5      | Found Vuiwauna's Antique Weapon Shop.
  3869 | D:4      | Reached skill level 1 in Translocations
  3995 | D:4      | Reached XP level 6. HP: 18/42 MP: 8/12
  4655 | D:6      | Reached skill level 1 in Stealth
  4865 | D:6      | Reached skill level 1 in Hexes
  4877 | D:6      | Found a staircase to the Ecumenical Temple.
  4886 | Temple   | Entered the Ecumenical Temple
  5159 | D:6      | Learned a level 2 spell: Song of Slaying
  5207 | D:6      | Noticed an ice beast
  5541 | D:5      | Reached XP level 7. HP: 46/46 MP: 9/14
  5929 | D:5      | Noticed Menkaure
  6140 | D:6      | Reached skill level 5 in Charms
  6527 | D:5      | Bought a runed long sword for 66 gold pieces
  7099 | D:7      | Found a bloodstained altar of Trog.
  7203 | D:7      | Found Iqose's Distillery.
  7421 | D:7      | Reached skill level 1 in Evocations
  7468 | D:7      | Reached XP level 8. HP: 44/52 MP: 2/16
  7768 | D:7      | Reached skill level 5 in Long Blades
  8130 | D:8      | Reached skill level 5 in Dodging
  8139 | D:8      | Reached skill level 5 in Spellcasting
  8288 | D:8      | Noticed Erica
  8415 | D:8      | Noticed Erolcha
  8493 | D:8      | Killed Erica
  8493 | D:8      | Reached XP level 9. HP: 36/58 MP: 16/18
  8787 | D:9      | Reached skill level 6 in Long Blades
  9463 | D:9      | Found a stormy altar of Qazlal.
  9465 | D:9      | Found a sparkling altar of Nemelex Xobeh.
  9468 | D:9      | Found a burning altar of Makhleb.
  9469 | D:9      | Found a deep blue altar of Sif Muna.
  9469 | D:9      | Found an iron altar of Okawaru.
  9469 | D:9      | Found an ancient bone altar of Kikubaaqudgha.
  9472 | D:9      | Found a shattered altar of Ashenzari.
  9477 | D:9      | Became a worshipper of Warmaster Okawaru
  9841 | D:4      | Noticed Crazy Yiuf
  9847 | D:4      | Killed Crazy Yiuf
  9928 | D:5      | Killed Menkaure
 10352 | D:6      | Killed an ice beast
 10790 | D:9      | Found a blossoming altar of Fedhas.
 10828 | D:9      | Reached skill level 1 in Invocations
 10874 | D:9      | Acquired Okawaru's first power
 10882 | D:9      | Reached skill level 7 in Long Blades
 11007 | D:9      | Found a shimmering altar of Xom.
 11038 | D:9      | Reached XP level 10. HP: 36/65 MP: 11/20
 11308 | D:10     | Entered Level 10 of the Dungeon
 11324 | D:10     | Reached skill level 5 in Fighting
 11674 | D:10     | Noticed Sonja
 11733 | D:10     | Noticed a hill giant
 11767 | D:10     | Killed a hill giant
 11823 | D:10     | Noticed a hill giant
 11877 | D:10     | Killed a hill giant
 11960 | D:10     | Reached skill level 5 in Stealth
 11972 | D:10     | Reached skill level 8 in Long Blades
 12041 | D:10     | Noticed a hill giant
 12197 | D:10     | Found a staircase to the Lair.
 12216 | D:10     | Killed a hill giant
 12239 | Lair:1   | Entered Level 1 of the Lair of Beasts
 12283 | Lair:1   | Reached XP level 11. HP: 50/72 MP: 8/22
 12902 | Lair:1   | Reached skill level 9 in Long Blades
 13171 | Lair:1   | Noticed a four-headed hydra
 13181 | Lair:1   | Killed a one-headed hydra
 13181 | Lair:1   | Acquired Okawaru's second power
 14077 | Lair:2   | Reached skill level 5 in Evocations
 14079 | Lair:2   | Reached skill level 5 in Armour
 14120 | Lair:2   | Noticed Prince Ribbit
 14201 | Lair:2   | Noticed a six-headed hydra
 14317 | Lair:2   | Killed a two-headed hydra
 14317 | Lair:2   | Received a gift from Okawaru
 14317 | Lair:2   | Reached skill level 10 in Long Blades
 14318 | Lair:2   | Got an ancient battleaxe {god gift}
 14426 | Lair:2   | Reached XP level 12. HP: 79/79 MP: 20/25
 14549 | Lair:2   | Killed Prince Ribbit
 14592 | Lair:2   | Noticed Gastronok
 14675 | Lair:2   | Killed Gastronok
 15150 | D:10     | Reached skill level 10 in Dodging
 15150 | D:10     | Reached skill level 5 in Invocations
 15155 | D:10     | Noticed Harold
 15166 | D:10     | Killed Harold
 15568 | D:10     | Killed Sonja
 15568 | D:10     | Received a gift from Okawaru
 15851 | Lair:3   | Reached skill level 11 in Long Blades
 16433 | Lair:2   | Identified the +5 battleaxe "Syss" {chop, rN+} (Okawaru gifted it to you on level 2 of the Lair of Beasts)
 16497 | Lair:2   | HP: 4/80 [poisoned by a spiny frog]
 16582 | Lair:3   | Received a gift from Okawaru
 16583 | Lair:3   | Got a transparent demon blade {god gift}
 16584 | Lair:3   | Identified the +1 demon blade "Xeviumec" {slice, -Tele +Fly rC+} (Okawaru gifted it to you on level 3 of the Lair of Beasts)
 17032 | Lair:3   | Found a deep blue altar of Sif Muna.
 17120 | Lair:3   | Reached XP level 13. HP: 86/86 MP: 19/26
 17917 | Lair:4   | Learned a level 3 spell: Tukima's Dance
 17921 | Lair:4   | Learned a level 3 spell: Confuse
 18770 | Lair:5   | Received a gift from Okawaru
 18929 | Lair:5   | Found a staircase to the Snake Pit.
 19326 | Lair:6   | Reached skill level 12 in Long Blades
 19595 | Lair:6   | Found a staircase to the Shoals.
 20344 | Lair:7   | Found a staircase to the Slime Pits.
 20380 | Lair:7   | Received a gift from Okawaru
 20402 | Lair:7   | Slain by a death yak

Vault maps used:
D:1:      eino_arrival_cavern_a, minivault_27, lexackson_kobold_supper
D:2:      fiery_altar_vehumet, grunt_ministairs_7
D:3:      lemuel_zombie_altar_yredelemnul, zin_purify, evilmike_ruin_ashenzari
D:4:      grunt_gozag_statues, uniq_crazy_yiuf_cottage
D:5:      first_bread, serial_shops, kennysheep_mini, nicolae_shop_stone,
          uniq_menkaure
D:6:      lemuel_temple_firewalk_marked
D:7:      lightli_temple_of_fire, serial_shops, kennysheep_little_box,
          hangedman_decor_clover_reticule
D:8:      uniq_erolcha, uniq_erica
D:9:      fedhas_altar_decomposition, xom_confusion_cloud, minitemple
D:10:     lemuel_ice_spiral_2, lair_0_dummy, uniq_sonja, uniq_harold
Temple:   circular_temple_6
Lair:2:   forest_entry_grove, uniq_gastronok, uniq_prince_ribbit2
Lair:3:   serial_forest, infiniplex_forest_straight_2,
          infiniplex_forest_lined_corner, infiniplex_forest_straight_1,
          infiniplex_forest_clump_C, infiniplex_forest_clump_small,
          infiniplex_forest_clump_small, basic_altar, beast_lair_carwin_8
Lair:4:   lemuel_fruit_tree, grunt_megastairs_4
Lair:5:   guppyfry_snake_entry_island
Lair:6:   mu_elephants_graveyard, shoals_dummy_entry
Lair:7:   minmay_slime_entry_pillars, grunt_forest_small_clearing_treed

Action                   |  1- 3 |  4- 6 |  7- 9 | 10-12 | 13-15 || total
-------------------------+-------+-------+-------+-------+-------++-------
Melee: Falchion          |   104 |   229 |    69 |       |       ||   402
       Long sword        |       |       |   148 |    23 |       ||   171
       Scimitar          |       |       |   129 |   158 |     3 ||   290
       Great sword       |       |       |       |   192 |     2 ||   194
       Demon blade       |       |       |       |    25 |   242 ||   267
 Fire: Blowgun           |       |       |       |    47 |       ||    47
 Cast: Infusion          |    15 |    31 |    19 |       |       ||    65
       Shroud of Golubri |     8 |    11 |    24 |    69 |    30 ||   142
       Spectral Weapon   |     5 |    35 |    50 |    89 |    41 ||   220
       Regeneration      |       |     5 |    19 |    39 |    12 ||    75
       Song of Slaying   |       |       |     8 |    10 |     7 ||    25
       Confuse           |       |       |       |       |     7 ||     7
       Tukima's Dance    |       |       |       |       |     3 ||     3
Invok: Heroism           |       |       |       |     2 |       ||     2
 Abil: Stop Singing      |       |       |     1 |       |       ||     1
Evoke: Wand              |       |       |    14 |     4 |       ||    18
       Rod               |       |       |       |     2 |       ||     2
  Use: Scroll            |       |    11 |    11 |     6 |     1 ||    29
       Potion            |       |       |       |     3 |       ||     3
 Stab: Sleeping          |     1 |     2 |     2 |    12 |     7 ||    24
       Distracted        |     1 |     3 |     2 |     2 |     6 ||    14
       Paralysed         |       |       |       |     1 |       ||     1
       Confused          |       |       |       |       |     1 ||     1
  Eat: Chunk             |     3 |    18 |    23 |    24 |    11 ||    79
       Beef jerky        |       |       |     2 |       |       ||     2
       Pizza             |       |       |       |     1 |       ||     1
